 Dungeon Crawl Stone Soup version 0.28.0-45-g0d030f2227 (webtiles) character file.

Game seed: 8109550500448022550

74 terff the Conjurer (level 4, -1/30 HPs)
             Began as a Human Conjurer on Apr 9, 2022.
             Slain by Terence
             ... wielding a +0 hand axe
              (4 damage)
             ... on level 2 of the Dungeon.
             The game lasted 00:03:34 (1453 turns).

terff the Conjurer (Human Conjurer)                 Turns: 1453, Time: 00:03:35

Health: -1/30      AC:  3    Str:  7    XL:     4   Next: 52%
Magic:  0/7        EV: 11    Int: 21    God:
Gold:   50         SH:  0    Dex: 11    Spells: 4/7 levels left

rFire   . . .      SeeInvis .   c - +0 short sword
rCold   . . .      Faith    .   (no shield)
rNeg    . . .      Spirit   .   b - +0 leather armour
rPois   .          Reflect  .   (no helmet)
rElec   .          Harm     .   (no cloak)
rCorr   .          Rampage  .   (no gloves)
Will    .....                   (no boots)
Stlth   ++........              (no amulet)
HPRegen 0.10/turn               (no ring)
MPRegen 0.10/turn               (no ring)

@: about to teleport
A: no striking features
a: no special abilities


You were on level 2 of the Dungeon.
You visited 1 branch of the dungeon, and saw 2 of its levels.

You collected 50 gold pieces.

Inventory:

Hand Weapons
 c - a +0 short sword (weapon)
Armour
 a - a +1 robe
 b - a +0 leather armour (worn)
Jewellery
 d - a ring of wizardry


   Skills:
 + Level 0.1 Fighting
 + Level 1.0 Short Blades
 + Level 1.0 Armour
 + Level 2.3 Dodging
 + Level 2.2 Stealth
 + Level 2.2 Spellcasting
 + Level 4.8 Conjurations


You had 4 spell levels left.
You knew the following spells:

 Your Spells              Type           Power      Damage    Failure   Level
a - Magic Dart            Conj           88%        1d7       2%          1
b - Searing Ray           Conj           44%        2d6       4%          2

Your spell library contained the following spells:

 Spells                   Type           Power      Damage    Failure   Level
 Animate Skeleton         Necr           4%         N/A       22%         1
 Pain                     Necr           8%         1d4       22%         1
 Dazzling Flash           Conj/Hex       24%        N/A       22%         3
 Vampiric Draining        Necr           2%         2d6       54%         3
 Fulminant Prism          Conj/Hex       6%         3d7       58%         4
 Iskenderun's Mystic Bla  Conj/Tloc      12%        2d5       58%         4


Dungeon Overview and Level Annotations

Branches:
Dungeon (2/15)

Altars:

Shops:
D:1 *

Annotations:
D:2 Sigmund, Terence


Message History

You miss Natasha.
Natasha is severely wounded.
Natasha claws you.
Terence the Incautious comes into view.
He is wielding a +0 hand axe and wearing a +4 scale mail of fire resistance.
You barely miss Natasha.
Natasha is severely wounded.
Terence shouts!
You hear a shout!
You hear an angry hiss.
Natasha closely misses you.
You closely miss Natasha.
Natasha is severely wounded.
Natasha claws you.
Casting: Magic Dart (safe; 3% risk of failure)
Confirm with . or Enter, or press ? or * to list all spells.
Aiming: Magic Dart (safe; 3% risk of failure)
Press: ? - help, Shift-Dir - straight line, f/p - Natasha
Aim: Natasha (severely wounded, 100% to hit)
The magic dart hits Natasha.
You kill Natasha!
Natasha screams in pain as she dies!
Your Short Blades skill increases to level 1!
Your Armour skill increases to level 1!
There is a stone staircase leading up here.
Casting: Magic Dart (safe; 2% risk of failure)
Confirm with . or Enter, or press ? or * to list all spells.
Aiming: Magic Dart (safe; 2% risk of failure)
Press: ? - help, Shift-Dir - straight line, f - Terence
Aim: Terence, wielding a +0 hand axe and wearing a +4 scale mail of fire resistance (100% to hit)
The magic dart hits Terence.
Terence is moderately wounded.
Terence hits you with a +0 hand axe.
You hit Terence but do no damage. Your punch misses Terence.
Terence is moderately wounded.
Terence hits you with a +0 hand axe.
You hit Terence but do no damage.
Terence is moderately wounded.
Terence hits you with a +0 hand axe!
* * * LOW HITPOINT WARNING * * *
As you read the scroll of teleportation, it crumbles to dust.
You feel strangely unstable. Terence hits you with a +0 hand axe.
You die...

.. #. .# @#######. .#
.........
####.###########.
###.......... #. ###
#.........# #. ...
+.........# #. #.#
#.........# #. #.#
#.@.......# #. #.#
#.@....#### #.
.#.#.##.####......######
......†.................
.#.#.##........#).######
.. ########.#..# #g
#.#†....... ..
........... g
#....######


You could see Terence.

Vanquished Creatures
  Natasha (D:2)
  2 adders (D:2)
  4 endoplasms (D:1)
  A giant cockroach (D:1)
  5 goblins
  A hobgoblin (D:1)
  A quokka (D:1)
  4 ball pythons
  A frilled lizard (D:1)
  3 kobolds
  7 rats (D:1)
30 creatures vanquished.

Notes
Turn   | Place    | Note
-------+----------+-------------------------------------------
     0 | D:1      | terff the Human Conjurer began the quest for the Orb.
     0 | D:1      | Reached XP level 1. HP: 13/13 MP: 3/3
   225 | D:1      | Reached XP level 2. HP: 19/19 MP: 0/5
   390 | D:1      | Found Reeduim's General Store.
   475 | D:1      | Learned a level 2 spell: Searing Ray
   531 | D:1      | You fall into a shaft and drop 1 floor!
   561 | D:2      | Noticed Sigmund
   814 | D:1      | Reached XP level 3. HP: 18/24 MP: 6/6
  1429 | D:2      | Noticed Natasha
  1433 | D:2      | Reached XP level 4. HP: 30/30 MP: 3/7
  1439 | D:2      | Noticed Terence
  1442 | D:2      | Killed Natasha
  1443 | D:2      | Reached skill level 1 in Short Blades
  1443 | D:2      | Reached skill level 1 in Armour
  1453 | D:2      | Slain by Terence

Illustrated notes

Levels and vault maps discovered:
D:1:      dpeg_arrival_stone_temple_mockup, layout_rooms, serial_shops, shop,
          grunt_decor_fettered
D:2:      layout_basic, hangedman_decor_slide_cut, st_stairs_13,
          kennysheep_generic_room_15, uniq_natasha, uniq_robin, uniq_sigmund,
          uniq_terence

Skill      XL: |  1  2  3  4 |
---------------+-------------+-----
Short Blades   | 1 |  1.0
Armour         | 1 |  1.0
Fighting       | |  0.1
Dodging        | |  2.3
Stealth        | |  2.2
Spellcasting   | |  2.2
Conjurations   | |  4.8

Action                   |  1- 3 |  4- 6 || total
-------------------------+-------+-------++-------
Melee: Short sword       |    46 |     8 ||    54
 Cast: Magic Dart        |    32 |     5 ||    37
  Use: Scroll            |     3 |     1 ||     4
 Stab: Sleeping          |     1 |       ||     1
Armor: Robe              |     5 |       ||     5
       Leather armour    |     5 |       ||     5
Dodge: Dodged            |    31 |     4 ||    35
